 Dungeon Crawl Stone Soup version 0.27-a0-1291-geefcff550b (webtiles) character file.

Game seed: 5245374918476069496

77410 Azzok the Severer (level 15, -1/113 HPs)
             Began as a Demonspawn Berserker on June 15, 2021.
             Was the Champion of Trog.
             Shot with an arrow by a centaur (5 damage)
             ... on level 2 of the Orcish Mines.
             The game lasted 00:34:05 (23417 turns).

Azzok the Severer (Demonspawn Berserker)           Turns: 23417, Time: 00:34:06

Health: -1/113     AC: 18    Str: 23    XL:     15   Next: 15%
Magic:  15/15      EV: 11    Int: 13    God:    Trog [******]
Gold:   2970       SH:  5    Dex: 13    Spells: 14/14 levels left

rFire    + . .     SeeInvis .   R - +5 halberd "Jommageo" {vorpal, Drain rElec rPois rC+}
rCold    + . .     Faith    .   (shield currently unavailable)
rNeg     . . .     Spirit   .   Q - +2 plate armour {rF+}
rPois    +         Reflect  +   (helmet restricted)
rElec    +         Harm     .   (no cloak)
rCorr    .         Rampage  .   P - +1 pair of gloves
Will     +++..                  (no boots)
Stlth    ..........             j - amulet of reflection
HPRegen  0.28/turn              g - ring of willpower
MPRegen  0.14/turn              q - +4 ring of protection

@: no status effects
A: horns 2, ignite blood 2, powered by death 2, torment resistance 1, big brain
2, demonic willpower
a: Renounce Religion, Berserk, Trog's Hand, Brothers in Arms


You were on level 2 of the Orcish Mines.
You worshipped Trog.
Trog was exalted by your worship.
You visited 3 branches of the dungeon, and saw 19 of its levels.
You also visited: Bailey and Volcano.

You collected 3262 gold pieces.
You spent 292 gold pieces at shops.

Inventory:

Hand Weapons
 a - a +1 flail of venom
 b - a +1 war axe of freezing
 n - a +0 whip of electrocution
 y - the +1 hand axe "Dupyunk" {vorpal, Will++ Str+9 Int-2 Stlth+}
   (Trog gifted it to you on level 2 of the Lair of Beasts)

   It inflicts extra damage upon your enemies.
   It affects your strength (+9).
   It affects your intelligence (-2).
   It greatly increases your willpower.
   It makes you more stealthy.
 L - a +0 battleaxe of flaming
 R - the +5 halberd "Jommageo" (weapon) {vorpal, Drain rElec rPois rC+}
   (Trog gifted it to you on level 1 of the Orcish Mines)

   It inflicts extra damage upon your enemies.
   It protects you from cold.
   It insulates you from electricity.
   It protects you from poison.
   It drains your maximum health when unequipped.
Missiles
 l - 2 atropa-tipped darts
 t - 2 throwing nets
 J - 8 curare-tipped darts
Armour
 A - +0 acid dragon scales
 O - the +0 buckler "Decrobiro" {rElec Stlth+}
   (You bought it in a shop on level 10 of the Dungeon)

   It insulates you from electricity.
   It makes you more stealthy.
 P - a +1 pair of gloves (worn)
 Q - a +2 plate armour of fire resistance (worn)
Jewellery
 f - a ring of see invisible
 g - a ring of willpower (left hand)
 j - an amulet of reflection (around neck)
 k - a ring of positive energy
 q - a +4 ring of protection (right hand)
 G - a +6 ring of strength
Wands
 d - a wand of iceblast (32)
 B - a wand of acid (25)
 F - a wand of polymorph (8)
 K - a wand of flame (51)
Scrolls
 e - 7 scrolls of teleportation
 p - 4 scrolls of identify
 r - 3 scrolls of enchant armour
 u - 3 scrolls of magic mapping
 w - 9 scrolls of immolation
 C - 2 scrolls of silence
 I - 2 scrolls of enchant weapon
 M - a scroll of summoning
 N - 5 scrolls of blinking
Potions
 c - 7 potions of curing
 h - 7 potions of might
 i - a potion of resistance
 m - 8 potions of flight
 o - 4 potions of heal wounds
 s - 4 potions of berserk rage
 v - 3 potions of lignification
 x - 2 potions of attraction
 z - a potion of ambrosia
 D - a potion of invisibility
 E - 3 potions of mutation {!q}
 H - 5 potions of haste


   Skills:
 - Level 9.1 Fighting
 + Level 19.7 Axes
 - Level 1.7 Armour
 - Level 13.0 Dodging
 - Level 4.0 Shields


You had 14 spell levels left.
You didn't know any spells.
Your spell library was empty.

Dungeon Overview and Level Annotations

Branches:
Dungeon (11/15)            Temple (0/1) D:7            Lair (6/6) D:11
 Shoals (0/4) Lair:4       Spider (0/4) Lair:4        Slime (0/5) Lair:6
    Orc (2/2) D:11            Elf (0/3) Orc:2        Bailey (visited)
Volcano (visited)

Altars:
Ashenzari
Dithmenos
Fedhas
Gozag
Hepliaklqana
Kikubaaqudgha
Qazlal
Uskayaw
Wu Jian
Xom
Yredelemnul
Zin
Jiyva

Shops:
D:10 [   D:11 *

Annotations:
D:6 3 runed translucent doors, Tempus's ghost, novice OpAE
D:8 3 runed translucent doors, sanka's ghost, novice DjAr


Innate Abilities, Weirdness & Mutations

You have a pair of horns on your head.
Your demonic aura often causes spilled blood to erupt in flames.
You regenerate health from kills.
You are resistant to unholy torment.
You have an extremely huge brain. (Int +4)
You punish those that try to bend your will. (Will+)


Message History

The centaur is engulfed in blazing flames.
The centaur shoots an arrow.
The arrow hits you but does no damage.
The centaur warrior shoots an arrow.
You reflect the arrow off an invisible shield around you!
The arrow hits the centaur warrior!
The centaur is engulfed in blazing flames.
The centaur shoots an arrow.
The arrow barely misses you.
The centaur is engulfed in blazing flames.
You kill the centaur!
Trog accepts your kill.
The centaur warrior is engulfed in blazing flames.
The centaur warrior shoots an arrow.
The arrow hits you!
The centaur is engulfed in blazing flames.
You kill the centaur!
Trog accepts your kill.
The centaur warrior is engulfed in blazing flames.
The centaur warrior shoots an arrow.
The arrow hits you!
The centaur shoots an arrow.
The arrow hits you but does no damage.
The centaur shoots an arrow.
The arrow hits you but does no damage.
The centaur warrior shoots an arrow.
The arrow hits you!
The centaur shoots an arrow.
The arrow hits you! The arrow freezes you.
You hear a shout!
The centaur warrior shoots an arrow.
The arrow hits you.
The centaur warrior shoots an arrow.
The arrow hits you!
The orc warrior unwields a +0 glaive.
The orc warrior wields a +0 arbalest.
The orc warrior shoots a bolt.
The bolt hits you.
The centaur warrior shoots an arrow.
The arrow hits you!
* * * LOW HITPOINT WARNING * * *
The centaur shoots an arrow.
The arrow closely misses you.
The centaur warrior shoots an arrow.
The arrow hits you!
* * * LOW HITPOINT WARNING * * *
The orc warrior shoots a bolt.
The bolt hits you.
* * * LOW HITPOINT WARNING * * *
The centaur warrior shoots an arrow.
The arrow hits you!
* * * LOW HITPOINT WARNING * * *
The centaur shoots an arrow.
The arrow hits you!
* * * LOW HITPOINT WARNING * * *
The centaur warrior shoots an arrow.
The arrow misses you.
The centaur shoots an arrow.
The arrow hits you.
You die...

··················▒▒▒▒▒▒▒··▒·····
·········oooc····▒▒▒·▒▒··········
·········c······▒▒▒········▒·····
···············▒▒▒···············
······················▒··········
·······)····^······▒·········▒···
·······)······▒·····▒·▒···)······
······)······▒·····▒······)))····
···············☼@▒▒▒······)·<····
··············°▒▒▒▒······▒·······
··············▒▒ ▒··············
·▒··········▒▒▒ ▒▒·▒▒··▒··▒·▒··
▒▒▒▒▒▒▒▒▒▒▒▒ ▒▒▒▒▒▒▒▒▒▒▒▒▒▒


You could see a centaur warrior, a centaur and 2 orcs.

Vanquished Creatures
  An orc warlord (Orc:1)
  A stone giant (Volcano)
  5 hydras
  5 catoblepae (Lair:6)
  A boulder beetle (Lair:1)
  3 two-headed ogres
  4 death yaks (Lair:6)
  Pikel (D:8)
  An orc knight (Orc:1)
  An orc sorcerer (Orc:2)
  4 manticores
  An oklob plant (Lair:3)
  2 cyclopes (D:11)
  A black mamba (Lair:6)
  17 elephants
  2 molten gargoyles (Volcano)
  15 cane toads
  A torpor snail (Lair:6)
  A gargoyle (Volcano)
  Maggie (D:6)
  An efreet (Volcano)
  4 rime drakes
  An unseen horror (D:10)
  8 komodo dragons
  5 trolls (Orc:1)
  A queen bee (Lair:5)
  6 meliai (Lair:5)
  3 polar bears (Lair:6)
  20 blink frogs
  A tarantella (Lair:4)
  73 yaks
  2 shadows
  7 wyverns
  4 wraiths
  Eustachio (D:4)
  3 fire elementals (Volcano)
  A steam dragon (Lair:5)
  7 basilisks
  Edmund (D:4)
  5 wargs (Orc:1)
  7 vampire mosquitoes
  Duvessa (D:4)
  2 acid dragons
  2 hell hounds (Lair:6)
  17 water moccasins
  A swamp drake (D:11)
  2 sky beasts
  18 orc warriors
  2 black bears
  10 ogres
  5 wolves (Lair:3)
  10 centaurs
  Blork the orc (D:6)
  2 kobold brigands (D:8)
  9 bullfrogs
  5 scorpions
  A gnoll sergeant (D:11)
  Dowan (D:4)
  37 killer bees
  6 wights (D:9)
  3 howler monkeys
  2 electric eels
  5 centaur zombies
  2 lava snakes (Volcano)
  4 bullfrog zombies
  A bullfrog skeleton (D:4)
  2 hounds (D:5)
  3 jellies
  6 orc priests
  A centaur skeleton (D:5)
  A gnoll shaman (D:4)
  3 iguanas
  15 orc wizards
  A killer bee zombie (D:6)
  A howler monkey zombie (D:10)
  A hound skeleton (D:5)
  5 adders
  13 gnolls
  A river rat (Lair:5)
  A shadow imp (D:7)
  2 white imps
  An ufetubus (D:7)
  2 worms
  5 dart slugs
  63 orcs
  A bat (D:3)
  7 endoplasms
  5 giant cockroaches
  7 hobgoblins
  2 jackals (D:5)
  11 kobolds
  A quokka (D:1)
  7 ball pythons
  4 frilled lizards
  7 goblins
  8 rats
565 creatures vanquished.

Vanquished Creatures (others)
  33 fungi
  63 plants
96 creatures vanquished.

Grand Total: 661 creatures vanquished

Notes
Turn   | Place    | Note
-------+----------+-------------------------------------------
     0 | D:1      | Azzok the Demonspawn Berserker began the quest for the Orb.
     0 | D:1      | Reached XP level 1. HP: 18/18 MP: 1/1
   598 | D:1      | Reached skill level 3 in Axes
   623 | D:1      | Gained mutation: You have a pair of small horns on your
                  | head. [demonic ancestry]
   623 | D:1      | Reached XP level 2. HP: 24/24 MP: 2/2
  1232 | D:1      | Found a faded altar of an unknown god.
  1529 | D:2      | Gained mutation: You regenerate a little health from kills.
                  | [demonic ancestry]
  1529 | D:2      | Reached XP level 3. HP: 27/29 MP: 3/3
  2625 | D:3      | Reached ** piety under Trog
  2724 | D:3      | Gained mutation: Your demonic aura sometimes causes spilled
                  | blood to erupt in flames. [demonic ancestry]
  2724 | D:3      | Reached XP level 4. HP: 26/37 MP: 4/4
  3006 | D:3      | Found a hazy altar of Hepliaklqana.
  3072 | D:3      | Reached skill level 4 in Axes
  3271 | D:3      | Gained mutation: You have an unusually large brain. (Int
                  | +2) [demonic ancestry]
  3271 | D:3      | Reached XP level 5. HP: 43/43 MP: 5/5
  3280 | D:3      | Found a shadowy altar of Dithmenos.
  3725 | D:4      | Noticed Eustachio
  3746 | D:4      | Killed Eustachio
  3747 | D:4      | Reached skill level 5 in Fighting
  3747 | D:4      | Gained mutation: Your demonic aura often causes spilled
                  | blood to erupt in flames. [demonic ancestry]
  3747 | D:4      | Reached XP level 6. HP: 51/51 MP: 6/6
  3817 | D:4      | Reached skill level 5 in Axes
  3883 | D:4      | Reached XP level 7. HP: 58/58 MP: 7/7
  3973 | D:4      | Noticed Edmund
  3992 | D:4      | Killed Edmund
  3992 | D:4      | Reached *** piety under Trog
  3993 | D:4      | Reached skill level 6 in Axes
  4224 | D:4      | Found a stormy altar of Qazlal.
  4224 | D:4      | Found a broken altar of Ashenzari.
  4226 | D:4      | Found a hide-covered altar of Uskayaw.
  4239 | D:4      | Found an ornate altar of the Wu Jian Council.
  4499 | D:4      | Noticed Dowan
  4500 | D:4      | Noticed Duvessa
  4506 | D:4      | Killed Duvessa
  4521 | D:4      | Killed Dowan
  4522 | D:4      | Reached XP level 8. HP: 22/67 MP: 8/8
  5002 | D:5      | Entered Level 5 of the Dungeon
  5044 | D:5      | Reached skill level 7 in Axes
  5792 | D:5      | Reached skill level 8 in Axes
  6222 | D:6      | Reached XP level 9. HP: 75/75 MP: 9/9
  6307 | D:6      | Noticed Blork the orc
  6318 | D:6      | Killed Blork the orc
  6582 | D:6      | Reached skill level 1 in Shields
  6708 | D:6      | Noticed Maggie
  6728 | D:6      | Killed Maggie
  7223 | D:6      | Found the +2 robe of Vines {NoPotionHeal Regen+++}
  7561 | D:6      | Found a runed translucent gate.
  7561 | D:6      | Found a runed translucent gate.
  7561 | D:6      | Found a runed translucent gate.
  7561 | D:6      | Noticed Tempus's ghost (novice OpAE)
  7563 | D:6      | Found a basalt altar of Yredelemnul.
  7985 | D:7      | Reached skill level 9 in Axes
  8295 | D:7      | Found a staircase to the Ecumenical Temple.
  8391 | D:7      | Found an ancient bone altar of Kikubaaqudgha.
  8698 | D:8      | Reached **** piety under Trog
  8826 | D:8      | Reached skill level 10 in Axes
  8826 | D:8      | Gained mutation: You regenerate health from kills. [demonic
                  | ancestry]
  8826 | D:8      | Reached XP level 10. HP: 83/83 MP: 10/10
  8879 | D:8      | Found a runed translucent gate.
  8883 | D:8      | Found a runed translucent gate.
  8883 | D:8      | Found an opulent altar of Gozag.
  8884 | D:8      | Found a runed translucent gate.
  8912 | D:8      | Noticed an orc knight
  8913 | D:8      | Noticed sanka's ghost (novice DjAr)
  8969 | D:8      | Found a flagged portal.
  8983 | Bailey   | Entered a bailey
  9880 | D:9      | Noticed Pikel
  9885 | D:9      | Reached skill level 11 in Axes
  9895 | D:8      | Killed Pikel
 10731 | D:8      | Reached skill level 12 in Axes
 11087 | D:9      | Noticed an angel
 11094 | D:9      | Found a shimmering altar of Xom.
 11646 | D:10     | Entered Level 10 of the Dungeon
 11739 | D:10     | Noticed a two-headed ogre
 11745 | D:10     | Killed a two-headed ogre
 11945 | D:10     | Reached XP level 11. HP: 45/89 MP: 11/11
 12221 | D:10     | Found Buceom's Antique Armour Shoppe.
 12354 | D:10     | Bought a bloodstained buckler for 237 gold pieces
 12354 | D:10     | Identified the +0 buckler "Decrobiro" {rElec Stlth+} (You
                  | bought it in a shop on level 10 of the Dungeon)
 12383 | D:10     | Reached skill level 13 in Axes
 12717 | D:11     | Reached ***** piety under Trog
 13062 | D:11     | Found a staircase to the Orcish Mines.
 13148 | D:11     | Found a staircase to the Lair.
 13153 | D:11     | Reached skill level 14 in Axes
 13430 | D:11     | Noticed a two-headed ogre
 13448 | D:11     | Killed a two-headed ogre
 13728 | D:11     | Found Humalesy's General Store.
 13754 | D:11     | Bought a scroll of teleportation for 33 gold pieces
 13754 | D:11     | Bought a scroll of identify for 22 gold pieces
 13770 | D:11     | Identified a scroll of acquirement
 14436 | D:11     | Acquired 622 gold pieces
 14447 | D:11     | Reached skill level 15 in Axes
 14447 | D:11     | Gained mutation: You have a pair of horns on your head.
                  | [demonic ancestry]
 14447 | D:11     | Reached XP level 12. HP: 95/95 MP: 12/12
 14505 | Lair:1   | Entered Level 1 of the Lair of Beasts
 14515 | Lair:1   | Acquired a manual of Dodging
 14740 | Lair:1   | Found a hide-covered altar of Uskayaw.
 14742 | Lair:1   | Found an ornate altar of the Wu Jian Council.
 14745 | Lair:1   | Noticed a boulder beetle
 14759 | Lair:1   | Killed a boulder beetle
 15018 | Lair:1   | Reached skill level 16 in Axes
 15034 | Lair:1   | Reached skill level 5 in Dodging
 15209 | Lair:1   | Gained mutation: You have an extremely huge brain. (Int +4)
                  | [demonic ancestry]
 15209 | Lair:1   | Reached XP level 13. HP: 101/101 MP: 13/13
 15697 | Lair:2   | Identified the +1 hand axe "Dupyunk" {vorpal, Will++ Str+9
                  | Int-2 Stlth+} (Trog gifted it to you on level 2 of the Lair
                  | of Beasts)
 15697 | Lair:2   | Received a gift from Trog
 17452 | Lair:3   | Found a blossoming altar of Fedhas.
 17825 | Lair:3   | Identified the +5 war axe "Diec" {vorpal, rC- rN+ Int+2}
 17850 | Lair:4   | Reached skill level 10 in Dodging
 17869 | Lair:4   | Reached skill level 17 in Axes
 18121 | Lair:4   | Found a staircase to the Shoals.
 18160 | Lair:4   | Found a hole to the Spider Nest.
 18609 | Lair:5   | Received a gift from Trog
 19406 | Lair:5   | Gained mutation: You punish those that try to bend your
                  | will. (Will+) [demonic ancestry]
 19406 | Lair:5   | Reached XP level 14. HP: 55/108 MP: 14/14
 19915 | Lair:5   | Reached ****** piety under Trog
 20108 | Lair:6   | Entered Level 6 of the Lair of Beasts
 20169 | Lair:6   | Reached skill level 18 in Axes
 20210 | Lair:6   | Found a dark tunnel.
 20226 | Volcano  | Entered a volcano
 20321 | Volcano  | Found a radiant altar of Vehumet.
 20366 | Volcano  | Noticed a stone giant
 20376 | Volcano  | Killed a stone giant
 21065 | Lair:6   | Identified the +6 executioner's axe of Supply {vorpal,
                  | *Corrode Will+ Str+2 Dex+9} (Trog gifted it to you on level
                  | 6 of the Lair of Beasts)
 21065 | Lair:6   | Received a gift from Trog
 21161 | Lair:6   | Found a viscous altar of Jiyva.
 21161 | Lair:6   | Found a staircase to the Slime Pits.
 21720 | Lair:6   | Reached skill level 19 in Axes
 22636 | Orc:1    | Entered Level 1 of the Orcish Mines
 22638 | Orc:1    | Noticed an orc warlord
 22656 | Orc:1    | Gained mutation: You are resistant to unholy torment.
                  | [demonic ancestry]
 22656 | Orc:1    | Reached XP level 15. HP: 113/113 MP: 15/15
 22662 | Orc:1    | Killed an orc warlord
 22753 | Orc:1    | Identified the +5 halberd "Jommageo" {vorpal, Drain rElec
                  | rPois rC+} (Trog gifted it to you on level 1 of the Orcish
                  | Mines)
 22753 | Orc:1    | Received a gift from Trog
 23310 | Orc:2    | Entered Level 2 of the Orcish Mines
 23391 | Orc:2    | Found a staircase to the Elven Halls.
 23417 | Orc:2    | HP: 4/113 [centaur/arrow (8)]
 23417 | Orc:2    | Shot with an arrow by a centaur

Illustrated notes

Levels and vault maps discovered:
D:1:      giann_wishing_wells, layout_basic,
          shapermc_ecumenical_altar_flowoftime, serial_bayou,
          serial_bayou_shore_a, serial_bayou_pond_d, serial_bayou_pond_d,
          serial_bayou_pond_b, serial_bayou_crossing, minmay_stone_trees_small
D:2:      layout_loops_corners
D:3:      minmay_evil_eye, layout_loops_cross, nicolae_dithmenos_shadow_blocks,
          nicolae_hepliaklqana_hazy_memory
D:4:      cheibrodos_old_hovel, layout_basic, nicolae_overflow_quartered_altars,
          minmay_misc_feat_rugged, minmay_misc_feat_square, uniq_edmund,
          uniq_eustachio, uniq_duvessa
D:5:      layout_rooms
D:6:      layout_loops_ring, nicolae_yredelemnul_ghost_church,
          dk_noncrumbling_3, fountainhead, uniq_maggie, uniq_blork_the_orc
D:7:      layout_basic, marbit_many_paths, minmay_temple_entry_drinking_statues,
          grunt_decor_fettered, lightli_corner_chamber
D:8:      layout_rooms, ebering_ghost_gozag, enter_bailey_2, blue_anna_alchemist
D:9:      layout_big_octagon, grunt_temple_overflow_order_and_chaos_1,
          serial_co_window_serial, co_window_paths_b, co_window_paths_b,
          co_window_of_opportunity_a, co_window_paths_a, co_window_paths_a,
          co_window_cross_4, co_window_2corner, co_window_broadway_b,
          co_window_corner_ca, co_window_corner_b, glass_columns_a,
          glass_columns_b, glass_columns_b, glass_columns_b, st_stairs_12,
          uniq_pikel
D:10:     layout_small_grid, serial_shops, shop
D:11:     layout_stronghold, grunt_lair_entry_orc_guard_hut, erik_orc_1,
          serial_shops, nicolae_shop_stone, minmay_fractal_squares_gapless_7
Lair:1:   layout_cave_pods, nzn_masters_of_martial_movement
Lair:2:   layout_gridlike, minmay_holes
Lair:3:   layout_regular_city, tgw_fedhas
Lair:4:   layout_regular_city, elwin_shoals_entry_rocks,
          spider_nest_entry_rubble, serial_bayou_shore_b, grunt_megastairs_3
Lair:5:   regret_index_combs_of_tragedy, layout_regular_city,
          grunt_megastairs_1, lemuel_fruit_fields
Lair:6:   evilmike_catoblepas_cave, layout_loops_ring,
          dpeg_slime_entry_enclosed_altar, enter_volcano_3
Orc:1:    layout_caves
Orc:2:    st_orc_rangers, layout_caves

Skill      XL: |  1  2  3  4  5  6  7  8  9 10 11 12 13 14 |
---------------+-------------------------------------------+-----
Axes           | 3 4 5 6 8 10 12 15 16 17 19 | 19.7
Fighting       | 4 5 6 7 8 9 |  9.1
Shields        | 4 |  4.0
Dodging        | 6 12 13 | 13.0
Armour         | |  1.7

Action                   |  1- 3 |  4- 6 |  7- 9 | 10-12 | 13-15 || total
-------------------------+-------+-------+-------+-------+-------++-------
Melee: Hand axe          |    78 |       |       |       |       ||    78
       Headbutt          |    15 |     8 |    55 |    66 |   177 ||   321
       War axe           |    10 |    79 |   240 |   290 |   729 ||  1348
       Flail             |       |       |       |       |    26 ||    26
       Halberd           |       |       |       |       |    21 ||    21
Invok: Berserk           |     2 |     4 |     3 |     8 |     5 ||    22
       Trog's Hand       |       |       |       |       |     1 ||     1
Evoke: Wand              |       |       |       |       |     3 ||     3
  Use: Potion            |       |       |     1 |     1 |     1 ||     3
       Scroll            |       |       |       |    22 |     6 ||    28
 Stab: Sleeping          |     3 |       |       |       |       ||     3
       Confused          |       |       |       |     2 |       ||     2
Armor: Animal skin       |     7 |       |       |       |       ||     7
       Plate armour      |    18 |    64 |   155 |   126 |   277 ||   640
Dodge: Dodged            |    40 |    31 |    50 |    71 |   225 ||   417
Block: Other             |     8 |    20 |    56 |       |     5 ||    89
       Reflection        |       |       |     3 |     5 |     7 ||    15
       Buckler           |       |       |    16 |   163 |   294 ||   473

Table legend: (Time is in decaauts)
 A = Elapsed time spent in this place.
 B = Non-inter-level travel time spent in this place.
 C = Inter-level travel time spent in this place.
 D = Time resting spent in this place.
 E = Time spent auto-exploring this place.
 F = Levels seen in this place.
 G = Mean time per level.
                   A        B        C        D        E       F      G
               +--------+--------+--------+--------+--------+-----+--------+
         Total |  23451 |  22799 |    652 |   3524 |  15837 |  21 | 1116.7 |
       Dungeon |  14729 |  14292 |    437 |   2135 |  10317 |  11 | 1339.0 |
          Lair |   7133 |   6931 |    202 |    764 |   4986 |   6 | 1188.8 |
  Orcish Mines |    759 |    746 |     13 |     27 |    533 |   2 |  379.5 |
        Bailey |     20 |     20 |      0 |      0 |      1 |   1 |   20.0 |
       Volcano |    808 |    808 |      0 |    596 |      0 |   1 |  808.0 |
               +--------+--------+--------+--------+--------+-----+--------+

Top non-repeatable levels by time:
     D:8: 1917 daAuts
    D:11: 1856 daAuts
     D:6: 1652 daAuts
  Lair:5: 1586 daAuts
  Lair:6: 1505 daAuts
     D:1: 1500 daAuts
     D:4: 1352 daAuts
  Lair:1: 1268 daAuts
     D:5: 1224 daAuts
     D:9: 1159 daAuts
     D:2: 1145 daAuts
     D:3: 1132 daAuts
  Lair:3: 1109 daAuts
    D:10: 1050 daAuts
  Lair:2: 975 daAuts
